 Dungeon Sprint DCSS version 0.31-a0-931-g7b59d4eb97 (webtiles) character file.

Game seed: 4356759813518732942

46 rocky1 the Ducker (level 3, 0/30 HPs)
             Began as a Djinni Gladiator on Oct 20, 2023.
             Slain by a sleepcap (5 damage)
             ... in the Dungeon (Sprint IX: "|||||||||||||||||||||||||||||").
             The game lasted 00:00:10 (48 turns).

rocky1 the Ducker (Djinni Gladiator)                  Turns: 48, Time: 00:00:10

Health: 0/30       AC:  4    Str: 13    XL:     3   Next: 92%
Gold:   0          EV: 14    Int:  9    God:
                   SH:  0    Dex: 16

rFire   + + .        a - +0 long sword
rCold   x . .        (no shield)
rNeg    . . .        b - +0 leather armour
rPois   ∞            c - +0 helmet
rElec   .            (no cloak)
rCorr   .            (no gloves)
SInv    .            (boots unavailable)
Will    .....        (no amulet)
Stlth   +            (no ring)
HPRegen 0.25/turn    (no ring)
MPRegen 0.00/turn

%: no teleportation, infuse magic (-1 HP)
@: flying
A: sickness immunity, fire resistance 2, cold vulnerability 1, float, innate
caster, HP casting, extra vitality 1
a: no special abilities


You were in the Dungeon.
You visited 1 branch

Inventory:

Hand Weapons
 a - a +0 long sword (weapon)
Missiles
 d - 3 throwing nets (quivered)
 e - a javelin
Armour
 b - a +0 leather armour (worn)
 c - a +0 helmet (worn)
Scrolls
 j - a scroll of blinking
Potions
 f - a potion of curing
 g - a potion of heal wounds
 h - a potion of haste
 i - a potion of berserk rage


   Skills:
 + Level 3.1 Fighting
 + Level 5.0 Long Blades
 + Level 2.3 Throwing
 + Level 0.2 Armour
 + Level 5.3 Dodging


You knew the following spells:

 Your Spells              Type           Power      Damage    Failure   Level
a - Foxfire               Conj/Fire      0%         2x1d4     45%         1
Your spell library was empty.

Dungeon Overview and Level Annotations

Branches:
Dungeon (1/1)

Altars:


Innate Abilities, Weirdness & Mutations

You are immune to sickness and miasma.
You are immune to poison.
Your flesh is very heat resistant. (rF++)
You are vulnerable to cold. (rC-)
You float through the air rather than walking.
You learn spells naturally, not from books.
Your magical power is your life essence.
You have superior vitality. (+4 MHP)


Message History

The worm completely misses you.
There is an open door here.
Items here: ) [ ††.
You hit the worm.
The worm is moderately wounded.
You barely miss the worm.
The worm is moderately wounded.
The worm bites you but does no damage.
You hit the worm.
The worm is moderately wounded.
The worm bites you!
You hit the worm but do no damage.
The worm is moderately wounded.
You slash the worm!
The worm is severely wounded.
The worm bites you!
* * * LOW HITPOINT WARNING * * *
You hit the worm.
The worm is almost dead.
The worm bites you.
* * * LOW HITPOINT WARNING * * *
You hit the worm.
The worm is almost dead.
You slash the worm!
You kill the worm!
Your Long Blades skill increases to level 5!
You hit the sleepcap but do no damage. The sleepcap barely misses you.
You hit the sleepcap.
The sleepcap is lightly damaged.
The sleepcap closely misses you. x2
You hit the sleepcap.
The sleepcap is moderately damaged.
The sleepcap barely misses you.
You hit the sleepcap but do no damage.
The sleepcap is moderately damaged.
The sleepcap closely misses you.
You hit the sleepcap.
The sleepcap is heavily damaged.
The sleepcap releases spores at you.
You die...

▓+▓
▓.▓
▓.▓
▓.▓
▓.▓
▓f▓
▓@▓
▓.▓
▓.▓
▓.▓
▓.▓
▓)▓
▓)▓
▓.▓
▓.▓


You could see a sleepcap.

Vanquished Creatures
  An iguana (D)
  An adder (D)
  A worm (D)
  An orc (D)
  2 endoplasms (D)
  2 goblins (D)
  A hobgoblin (D)
9 creatures vanquished.

Notes
Turn   | Place    | Note
-------+----------+-------------------------------------------
     0 | D        | rocky1 the Djinni Gladiator began the quest for the Orb.
     0 | D        | Reached XP level 1. HP: 18/18 MP: 0/0
    16 | D        | Reached XP level 2. HP: 22/23 MP: 0/0
    28 | D        | Reached skill level 5 in Dodging
    28 | D        | Reached XP level 3. HP: 22/29 MP: 0/0
    28 | D        | Learned a level 1 spell: Foxfire
    44 | D        | Reached skill level 5 in Long Blades
    48 | D        | Slain by a sleepcap

Illustrated notes

Levels and vault maps discovered:
D:        linesprint [early_d, line_temple, items_1, d_10, items_2, lair_1,
          lair_end, items_3, orc_1, orc_end, items_4, d_15, swamp_1, shoals_1,
          snake_1, spider_1, d_20, vaults_1, items_5, swamp_end, shoals_end,
          snake_end, spider_end, vaults_end, d_27, items_6, zot_1, zot_end,
          crypt_end, forest_end, elf_end, slime_end, tomb_end, abyss_end,
          pan_hell_end]

Skill      XL: |  1  2  3 |
---------------+----------+-----
Long Blades    | 3 4 5 |  5.0
Dodging        | 5 |  5.3
Throwing       | 2 |  2.3
Fighting       | 3 |  3.1
Armour         | |  0.2

Action                     || total
---------------------------++-------
  Melee: Long sword        ||    37
 Armour: Leather armour    ||    15
  Dodge: Dodged            ||    20

Table legend: (Time is in decaauts)
 A = Elapsed time spent in this place.
 B = Non-inter-level travel time spent in this place.
 C = Inter-level travel time spent in this place.
 D = Time resting spent in this place.
 E = Time spent auto-exploring this place.
 F = Levels seen in this place.
 G = Mean time per level.
                   A        B        C        D        E       F      G
               +--------+--------+--------+--------+--------+-----+--------+
         Total |     55 |     55 |      0 |      0 |      0 |   1 |   55.0 |
       Dungeon |     55 |     55 |      0 |      0 |      0 |   1 |   55.0 |
               +--------+--------+--------+--------+--------+-----+--------+

Top non-repeatable levels by time:
       D: 55 daAuts
